 Dungeon Crawl Stone Soup version 0.21.1-1-g345015f (webtiles) character file.

20607 goulibeur the Agent of Entropy (level 12, -1/96 HPs)
             Began as a Demonspawn Abyssal Knight on July 17, 2018.
             Was a Priest of Lugonu.
             Slain by a vault guard
             ... wielding a +3 great mace of crushing
              (4 damage)
             ... on level 14 of the Dungeon.
             The game lasted 01:00:21 (18253 turns).

goulibeur the Agent of Entropy (DsAK)              Turns: 18253, Time: 01:00:22

Health: -1/96      AC: 19    Str: 21    XL:     12   Next: 46%
Magic:  0/23       EV: 14    Int: 21    God:    Lugonu [***...]
Gold:   914        SH: 11    Dex: 20    Spells: 11/11 levels left

rFire    + . .     SeeInvis .   D - +4 falchion "Goblin's Doom" {freeze, Int+4}
rCold    + . .     Gourm    .   q - +0 shield
rNeg     . . .     Faith    .   F - +2 scale mail {MR+}
rPois    .         Spirit   +   (helmet restricted)
rElec    .         Reflect  .   t - +0 cloak
rCorr    .         Harm     .   i - +0 pair of gloves
MR       +....                  Q - +2 pair of boots
Stlth    +.........             z - amulet of guardian spirit
HPRegen  0.26/turn              T - ring "Masax" {rF+ Int+2 Stlth+}
MPRegen  0.18/turn              E - ring of Ephemeral Luck {+Fly rC+ Str+4 Dex+3}

@: mighty
A: horns 2, yellow scales 2, powered by pain 1, spiny 1
a: Depart the Abyss, Bend Space, Banish, Renounce Religion, Evoke Flight


You were on level 14 of the Dungeon.
You worshipped Lugonu.
Lugonu was most pleased with you.
You were hungry.

You visited 1 branch of the dungeon, and saw 14 of its levels.
You visited the Abyss 1 time.

You collected 914 gold pieces.

Inventory:

Hand Weapons
 a - a +2 short sword
 D - the +4 falchion "Goblin's Doom" (weapon) {freeze, Int+4}
   (You found it on level 9 of the Dungeon)

   It has been specially enchanted to freeze those struck by it, causing extra
   injury to most foes and up to half again as much damage against particularly
   susceptible opponents.
   It can also slow down cold-blooded creatures.
   It affects your intelligence (+4).
Armour
 d - a +0 chain mail
 i - a +0 pair of gloves (worn)
 p - a +1 pair of boots
 q - a +0 shield (worn)
 t - a +0 cloak (worn)
 F - a +2 scale mail of magic resistance (worn)
 G - a +0 plate armour
 O - a +0 chain mail
 Q - a +2 pair of boots (worn)
Jewellery
 g - an uncursed ring of wizardry
 r - an uncursed ring of positive energy
 w - an uncursed ring of protection from fire
 x - a cursed ring of loudness {unknown}
 z - an amulet of guardian spirit (around neck)
 B - an uncursed ring of protection from cold
 E - the ring of Ephemeral Luck (right hand) {+Fly rC+ Str+4 Dex+3}
   (You found it on level 8 of the Dungeon)

   [ring of flight]

   It affects your strength (+4).
   It affects your dexterity (+3).
   It protects you from cold.
   It lets you fly.
 H - a cursed ring of teleportation {unknown}
 T - the ring "Masax" (left hand) {rF+ Int+2 Stlth+}
   (You found it on level 10 of the Dungeon)

   [ring of protection from fire]

   It affects your intelligence (+2).
   It protects you from fire.
   It makes you more stealthy.
 V - an uncursed ring of resist corrosion {unknown}
Wands
 v - a wand of polymorph (13)
 C - a wand of random effects (65)
 R - a wand of scattershot (8)
 U - a wand of acid (8)
Scrolls
 b - 2 scrolls of amnesia
 f - 2 scrolls of immolation
 l - 5 scrolls of teleportation
 m - a scroll of enchant weapon
 n - 10 scrolls of remove curse
 y - a scroll of fog
 A - 12 scrolls of identify
 K - a scroll of blinking
 L - 2 scrolls of enchant armour
Potions
 h - 3 potions of berserk rage
 j - 2 potions of flight {unknown}
 o - 3 potions of lignification
 s - 3 potions of heal wounds
 u - a potion of haste {unknown}
 I - 2 potions of might
 J - a potion of ambrosia {unknown}
 M - a potion of cancellation {unknown}
 N - 2 potions of magic {unknown}
 P - a potion of degeneration {unknown}
 X - a potion of agility {unknown}
Books
 e - a book of Misfortune

   Spells                             Type                      Level
   a - Confusing Touch                Hexes                        1
   b - Confuse                        Hexes                        3
   c - Gell's Gravitas                Translocation                3
   d - Petrify                        Transmutation/Earth          4
   e - Metabolic Englaciation         Hexes/Ice                    5
   f - Yara's Violent Unravelling     Hexes/Transmutation          5
 S - a book of Maledictions

   Spells                             Type                      Level
   a - Corona                         Hexes                        1
   b - Ensorcelled Hibernation        Hexes/Ice                    2
   c - Confuse                        Hexes                        3
   d - Tukima's Dance                 Hexes                        3
   e - Dazzling Spray                 Conjuration/Hexes            3
Comestibles
 c - 13 rations
 k - 2 chunks of flesh


   Skills:
 + Level 9.4 Fighting
 - Level 1.7 Short Blades
 + Level 8.3 Armour
 + Level 8.1 Dodging
 + Level 6.5 Shields
 * Level 15.6 Invocations


You had 11 spell levels left.
You didn't know any spells.

Dungeon Overview and Level Annotations

Branches:
Dungeon (14/15)            Temple (0/1) D:5            Lair (0/6) D:8
    Orc (0/2) D:11         Vaults (0/5) D:14

Altars:
Cheibriados
Dithmenos
Elyvilon
Gozag
Hepliaklqana
Makhleb
Nemelex Xobeh
Okawaru
Uskayaw
Xom
Yredelemnul
Zin
The Shining One

Portals:
Trove: D:11 (give 14 potions of heal wounds)

Annotations:
Abyss:1 Grinder, Nessos, Urug


Innate Abilities, Weirdness & Mutations

You have a pair of horns on your head.
You are mostly covered in yellow scales. (AC +3)
You sometimes gain a little power by taking damage.
You are partially covered in sharp spines.


Message History

Your headbutt misses the vault guard.
The vault guard is severely wounded.
The vault guard misses you.
You closely miss the vault guard.
The vault guard is heavily wounded.
The vault guard hits you with a great mace of crushing!
* * * LOW HITPOINT WARNING * * *
x2 You are feeling hungry.
You closely miss the vault guard.
The vault guard is heavily wounded.
The vault guard barely misses you.
You riposte.
You hit the vault guard. You freeze the vault guard.
The vault guard is severely wounded.
A quasit comes into view.
The quasit moves out of view.
The vault guard hits you with a great mace of crushing!
* * * LOW HITPOINT WARNING * * *
You focus on the pain.
You feel mightier all of a sudden.
You die...

##.#...#.#...## #p###
#.#######.#..# #.#.##
##.## #.##..#####..#.##
##.###># #..........#.#
##..#.#####.#####....##
####)..........# #.#.##
......#.<......# #.#.#
####..#.....p..# #.#.#
#......@.....# #.#.#
#####...#..p.....#
..#.###
........##......##
#.... #####.%.........#
##### #.#####..##.# #
#. #..##.# # #.
###..##.##.# # #
#..........# #
#.##.######### #


You could see 2 vault guards.

Vanquished Creatures
  A vault guard (D:13)
  A centaur warrior (D:13)
  2 two-headed ogres
  A tengu warrior (D:13)
  A wolf spider zombie (D:14)
  A cyclops (D:13)
  2 manticores
  2 centaur skeletons
  A troll (D:12)
  4 slime creatures (D:12)
  A water elemental (D:12)
  A spriggan (D:9)
  A shadow (D:14)
  A basilisk (D:14)
  18 yaks
  A soldier ant (D:11)
  A two-headed ogre zombie (D:11)
  An acid dragon (D:11)
  7 orc warriors
  A black bear (D:9)
  A phantom (D:11)
  An ice beast (D:8)
  3 ogres
  3 necrophages
  8 centaurs
  The ghost of Ethylacetat the Conjurer, an amateur OpCj (D:3)
  A big kobold (D:11)
  6 bullfrogs
  6 scorpions
  A troll zombie (D:11)
  A water moccasin skeleton (D:10)
  5 killer bees (D:11)
  2 howler monkeys
  5 electric eels
  6 crimson imps
  3 centaur zombies
  A bullfrog zombie (D:13)
  2 quasits
  3 jellies
  A gnoll shaman (D:6)
  4 hounds
  Crazy Yiuf (D:5)
  7 orc priests
  2 bullfrog skeletons
  7 orc wizards
  7 worker ants
  7 iguanas
  6 ogre zombies (D:11)
  A hound zombie (D:7)
  2 hound skeletons
  9 gnolls
  7 adders
  4 shadow imps
  2 oozes
  7 worms
  5 leopard geckos
  32 orcs
  11 bats
  5 giant cockroaches
  12 goblins
  9 hobgoblins
  17 jackals
  3 quokkas
  2 ball pythons
  7 frilled lizards
  2 goblin skeletons (D:11)
  5 goblin zombies (D:11)
  5 hobgoblin zombies (D:11)
  A jackal skeleton (D:4)
  15 kobolds
  An orc skeleton (D:11)
  11 orc zombies (D:11)
  A quokka skeleton (D:6)
  8 rats
  A spectral orc (D:5)
  A butterfly (D:6)
336 creatures vanquished.

Vanquished Creatures (others)
  The ghost of nicolaieve the Severer, a journeyman MiBe of Trog (D:12)
  The ghost of appiemonkey the Spear-Bearer, a journeyman MiGl of Cheibriados (D:11)
  A hydra (D:13)
  2 vault guards (D:14)
  2 two-headed ogres
  The ghost of Rwicked the Magician, a novice GnFE of Okawaru (D:7)
  A slime creature (D:12)
  A gargoyle (D:13)
  3 hungry ghosts (D:11)
  A sky beast (D:8)
  An ogre (D:5)
  A plant (D:12)
  4 toadstools (D:1)
20 creatures vanquished.

Grand Total: 356 creatures vanquished

Notes
Turn   | Place    | Note
-------+----------+-------------------------------------------
     0 | Abyss:1  | goulibeur the Demonspawn Abyssal Knight began the quest for the Orb.
     0 | Abyss:1  | Reached XP level 1. HP: 18/18 MP: 2/2
    93 | Abyss:1  | Noticed a titan zombie
    94 | Abyss:1  | Noticed a wretched star
    94 | D:1      | Escaped the Abyss
   136 | D:1      | Reached skill level 1 in Dodging
   201 | D:1      | Reached * piety under Lugonu
   201 | D:1      | Gained mutation: You are partially covered in yellow scales. (AC +2) [demonic ancestry]
   201 | D:1      | Reached XP level 2. HP: 24/24 MP: 4/4
   209 | D:1      | Reached skill level 3 in Invocations
   614 | D:1      | Gained mutation: You have a pair of small horns on your head. [demonic ancestry]
   614 | D:1      | Reached XP level 3. HP: 23/29 MP: 5/5
  1214 | D:2      | Reached ** piety under Lugonu
  1403 | D:2      | Reached skill level 4 in Invocations
  1403 | D:2      | Gained mutation: You have a pair of horns on your head. [demonic ancestry]
  1403 | D:2      | Reached XP level 4. HP: 16/35 MP: 5/7
  2043 | D:2      | Found a sparkling altar of Nemelex Xobeh.
  2316 | D:2      | Found a shadowy altar of Dithmenos.
  2319 | D:2      | Reached XP level 5. HP: 41/41 MP: 8/8
  2896 | D:3      | Noticed Ethylacetat's ghost (amateur OpCj)
  2942 | D:4      | Reached skill level 5 in Invocations
  3241 | D:3      | Killed Ethylacetat's ghost
  3540 | D:3      | Reached XP level 6. HP: 48/48 MP: 10/10
  4310 | D:4      | Reached skill level 6 in Invocations
  4955 | D:4      | Gained mutation: You are partially covered in sharp spines. [demonic ancestry]
  4955 | D:4      | Reached XP level 7. HP: 42/55 MP: 11/11
  5182 | D:4      | Found a white marble altar of Elyvilon.
  5593 | D:4      | Reached skill level 7 in Invocations
  5877 | D:5      | Entered Level 5 of the Dungeon
  5894 | D:5      | Reached *** piety under Lugonu
  6532 | D:5      | Found a staircase to the Ecumenical Temple.
  6540 | D:5      | Reached skill level 5 in Fighting
  6540 | D:5      | Reached skill level 8 in Invocations
  6544 | D:5      | Gained mutation: You sometimes gain a little power by taking damage. [demonic ancestry]
  6544 | D:5      | Reached XP level 8. HP: 55/62 MP: 12/14
  6907 | D:5      | Found a basalt altar of Yredelemnul.
  7118 | D:5      | Found a runed door.
  7122 | D:5      | Noticed Crazy Yiuf
  7126 | D:5      | Killed Crazy Yiuf
  7308 | D:6      | Reached skill level 9 in Invocations
  7615 | D:6      | Noticed Grinder
  7632 | D:6      | Banished Grinder
  7934 | D:6      | Reached skill level 5 in Armour
  8270 | D:6      | Found a hide-covered altar of Uskayaw.
  8334 | D:6      | Found a sparkling altar of Nemelex Xobeh.
  8389 | D:6      | Reached **** piety under Lugonu
  8400 | D:6      | Found a shimmering altar of Xom.
  8540 | D:7      | Found a glowing golden altar of the Shining One.
  8621 | D:7      | Reached skill level 10 in Invocations
  8621 | D:7      | Gained mutation: You are mostly covered in yellow scales. (AC +3) [demonic ancestry]
  8621 | D:7      | Reached XP level 9. HP: 65/67 MP: 16/16
  8657 | D:7      | Noticed Rwicked's ghost (novice GnFE)
  8769 | D:7      | Banished Rwicked's ghost
  8769 | D:7      | Reached skill level 1 in Shields
  8843 | D:7      | Noticed a two-headed ogre
  8850 | D:7      | Banished a two-headed ogre
  8850 | D:7      | Reached skill level 5 in Dodging
  9272 | D:7      | Found an iron altar of Okawaru.
  9272 | D:7      | Found a hazy altar of Hepliaklqana.
  9277 | D:7      | Found an opulent altar of Gozag.
  9279 | D:7      | Found a glowing silver altar of Zin.
  9281 | D:7      | Found a burning altar of Makhleb.
  9686 | D:8      | Reached skill level 11 in Invocations
  9832 | D:8      | Got an ancient golden ring
  9834 | D:8      | Identified the ring of Ephemeral Luck {+Fly rC+ Str+4 Dex+3} (You found it on level 8 of the Dungeon)
  9836 | D:8      | Found a staircase to the Lair.
 10749 | D:8      | Found a snail-covered altar of Cheibriados.
 10928 | D:9      | Found a burning altar of Makhleb.
 11076 | D:9      | Got a slimy falchion
 11077 | D:9      | Identified the +4 falchion "Goblin's Doom" {freeze, Int+4} (You found it on level 9 of the Dungeon)
 11354 | D:9      | Reached XP level 10. HP: 79/79 MP: 18/18
 11588 | D:10     | Entered Level 10 of the Dungeon
 11739 | D:10     | Noticed an eight-headed hydra
 11751 | D:10     | Banished an eight-headed hydra
 11761 | D:10     | Noticed Urug
 11770 | D:10     | Banished Urug
 11770 | D:10     | Reached skill level 12 in Invocations
 12284 | D:10     | Got an ancient wooden ring
 12286 | D:10     | Identified the ring "Masax" {rF+ Int+2 Stlth+} (You found it on level 10 of the Dungeon)
 13439 | D:11     | Noticed appiemonkey's ghost (journeyman MiGl)
 13442 | D:11     | Banished appiemonkey's ghost
 13442 | D:11     | Reached skill level 13 in Invocations
 13499 | D:11     | Reached XP level 11. HP: 55/86 MP: 14/20
 13915 | D:11     | Found a staircase to the Orcish Mines.
 13933 | D:11     | Noticed a two-headed ogre
 13982 | D:11     | Banished a two-headed ogre
 14214 | D:11     | Found a portal to a secret trove of treasure.
 14249 | D:11     | Noticed a two-headed ogre
 14262 | D:11     | Killed a two-headed ogre
 14262 | D:11     | Reached skill level 5 in Shields
 15244 | D:12     | Reached skill level 14 in Invocations
 15466 | D:12     | Noticed nicolaieve's ghost (journeyman MiBe)
 15467 | D:12     | Banished nicolaieve's ghost
 16460 | D:13     | Noticed a six-headed hydra
 16461 | D:13     | Banished a seven-headed hydra
 16487 | D:13     | Noticed a tengu warrior
 16494 | D:13     | Killed a tengu warrior
 16494 | D:13     | Reached XP level 12. HP: 71/95 MP: 15/23
 16815 | D:13     | Noticed a centaur warrior
 16828 | D:13     | Killed a centaur warrior
 16828 | D:13     | Reached skill level 15 in Invocations
 16830 | D:13     | Noticed a two-headed ogre
 16848 | D:13     | Killed a two-headed ogre
 17164 | D:13     | Noticed Nessos
 17165 | D:13     | Banished Nessos
 18017 | D:14     | Found a gate to the Vaults.
 18017 | D:14     | Noticed a vault guard
 18017 | D:14     | Noticed a vault guard
 18017 | D:14     | Noticed a vault guard
 18017 | D:14     | Noticed a vault guard
 18018 | D:14     | Noticed a vault guard
 18018 | D:14     | Noticed a vault guard
 18018 | D:14     | Noticed a vault guard
 18018 | D:14     | Noticed a vault guard
 18161 | D:13     | Killed a vault guard
 18201 | D:14     | Banished a vault guard
 18228 | D:14     | Banished a vault guard
 18253 | D:14     | HP: 3/96 [vault guard/great mace of crushing (14)]
 18253 | D:14     | Slain by a vault guard

Skill      XL: |  1  2  3  4  5  6  7  8  9 10 11 12 |
---------------+-------------------------------------+-----
Dodging        | 1 2 3 4 5 6 7 8 |  8.1
Armour         | 2 3 4 5 6 7 8 |  8.3
Invocations    | 3 4 5 6 8 10 11 13 14 15 | 15.6
Fighting       | 4 5 6 7 9 |  9.4
Shields        | 2 4 5 6 |  6.5
Short Blades   | |  1.7

Action                   |  1- 3 |  4- 6 |  7- 9 | 10-12 || total
-------------------------+-------+-------+-------+-------++-------
Melee: Short sword       |   160 |   254 |   402 |       ||   816
       Headbutt          |    15 |    44 |    91 |   175 ||   325
       Falchion          |       |       |    10 |   514 ||   524
Invok: Depart the Abyss  |     1 |       |       |       ||     1
       Banish            |       |       |     5 |    17 ||    22
       Bend Space        |       |       |       |     1 ||     1
  Use: Scroll            |       |    11 |     5 |     1 ||    17
       Potion            |       |       |     1 |     4 ||     5
 Stab: Sleeping          |       |       |       |     1 ||     1
       Distracted        |       |       |       |     1 ||     1
  Eat: Chunk             |     2 |     8 |    12 |    14 ||    36
       Ration            |       |     1 |     3 |     4 ||     8
Armor: Leather armour    |    63 |    32 |       |       ||    95
       Scale mail        |       |    96 |       |   195 ||   291
       Chain mail        |       |     5 |   200 |       ||   205
       Plate armour      |       |       |    20 |       ||    20
Dodge: Dodged            |   108 |   138 |    96 |   245 ||   587
Block: Shield            |       |       |    67 |   277 ||   344
       Rpst.: Falchion   |       |       |     1 |    56 ||    57
